 Dungeon Sprint DCSS version 0.30-a0-949-g53dc5368d7 (webtiles) character file.

Game seed: 3026549675635559318

353007 fozzywoppz the Conqueror (level 21, -3/183 HPs)
             Began as a Formicid Fighter on Mar 27, 2023.
             Was the Champion of Okawaru.
             Slain by an acid blob (8 damage)
             ... created by the Royal Jelly
             ... in the Dungeon (Sprint IX: "|||||||||||||||||||||||||||||").
             The game lasted 00:53:24 (7553 turns).

fozzywoppz the Conqueror (Formicid Fighter)         Turns: 7553, Time: 00:53:25

Health: -3/183     AC: 32    Str: 37    XL:     21   Next: 13%
Magic:  29/29      EV: 22    Int:  9    God:    Okawaru [******]
Gold:   1439       SH:  0    Dex: 12    Spells: 20/20 levels left

rFire   + + .      SeeInvis +    m - +3 eveningstar "Goblinslayer" {heavy, Str+3 Int+5 Dex-4}
rCold   + + .      Faith    .    E - +0 tower shield "Gebar" {rN+ Str+2 Dex+3}
rNeg    + + .      Spirit   .    T - +10 gold dragon scales
rPois   +          Reflect  +    (helmet unavailable)
rElec   .          Rampage  .    L - +0 cloak {rCorr}
rCorr   +                        U - +3 pair of gauntlets of War {Slay+5}
Will    ++...                    k - +0 pair of boots {Fly} Stlth
                                 Q - amulet "Jeolow" {Reflect rC+ rN+ MP-9 SH+5}
HPRegen 0.50/turn                c - +4 ring of evasion
MPRegen 0.21/turn                G - ring "Tifraf" {rF+ Dex+4 SInv}

@: confused, mighty, corroded, flying
A: permanent stasis, dig shafts and tunnels, antennae 3, four strong arms,
clumsy 2, deformed body, dopey 2, frail 1, screaming 2
}: 6/17 runes: decaying, serpentine, barnacled, elven, silver, gossamer
a: Dig, Renounce Religion, Heroism, Finesse


You were in the Dungeon.
You worshipped Okawaru.
Okawaru was exalted by your worship.
You visited 1 branch You collected 1943 gold pieces.
You spent 504 gold pieces at shops.

Inventory:

Hand Weapons
 f - the +4 giant spiked club of Certain Death {freeze, Str+3}
   (Okawaru gifted it to you in the Dungeon)

   Str:       It affects your strength (+3).
 m - the +3 eveningstar "Goblinslayer" (weapon) {heavy, Str+3 Int+5 Dex-4}
   (Okawaru gifted it to you in the Dungeon)

   Str:       It affects your strength (+3).
   Int:       It affects your intelligence (+5).
   Dex:       It affects your dexterity (-4).
 t - the +9 giant club "Vifafidu" {spect, rN+}
   (Okawaru gifted it to you in the Dungeon)

   rN:        It protects you from negative energy.
 D - the +7 mace of the Lurker {heavy, rN+}
   (You bought it in a shop in the Dungeon)

   rN:        It protects you from negative energy.
 F - the +5 giant spiked club "Zoelilod" {speed, *Slow rF+ Will+ Dex+3}
   (Okawaru gifted it to you in the Dungeon)

   Dex:       It affects your dexterity (+3).
   rF:        It protects you from fire.
   *Slow:     It may slow you when you take damage.
   Will:      It increases your willpower.
 H - the +5 demon whip of the Growing Goat {vamp, Fragile rElec rCorr Dex-3}
   (You found it in the Dungeon)

   Dex:       It affects your dexterity (-3).
   rElec:     It insulates you from electricity.
   rCorr:     It protects you from acid and corrosion.
   Fragile:   It will be destroyed if unequipped.
Missiles
 q - 5 javelins (quivered)
Armour
 k - a +0 pair of boots of flying (worn)
 B - a +4 chain mail of poison resistance
 C - the +1 pair of gloves "Eppozautij" {Str+3 Int+3}
   (You bought it in a shop in the Dungeon)

   Str:       It affects your strength (+3).
   Int:       It affects your intelligence (+3).
 E - the +0 tower shield "Gebar" (worn) {rN+ Str+2 Dex+3}
   (Okawaru gifted it to you in the Dungeon)

   Str:       It affects your strength (+2).
   Dex:       It affects your dexterity (+3).
   rN:        It protects you from negative energy.
 L - a +0 cloak of preservation (worn)
 M - the +5 crystal plate armour of Indomitability {Rampage Int+2}
   (Okawaru gifted it to you in the Dungeon)

   Int:       It affects your intelligence (+2).
   Rampage:   It bestows one free step when moving towards enemies.
 S - the scarf of Dyveunik {harm, Stlth+}
   (Okawaru gifted it to you in the Dungeon)

   Stlth:     It makes you more stealthy.
 T - +10 gold dragon scales (worn)
 U - the +3 pair of gauntlets of War (worn) {Slay+5}
   (Okawaru gifted it to you in the Dungeon)

   Slay:      It affects your accuracy & damage with ranged weapons and melee
   (+5).
Jewellery
 c - a +4 ring of evasion (left hand)
 n - a ring of protection from cold
 o - a +2 ring of protection
 x - a ring of willpower
 y - a ring of protection from fire
 z - the ring "Eleemara" {Will+ Str-2 Dex+2 Stlth+}
   (You found it in the Dungeon)

   [ring of willpower]

   Str:       It affects your strength (-2).
   Dex:       It affects your dexterity (+2).
   Will:      It increases your willpower.
   Stlth:     It makes you more stealthy.
 G - the ring "Tifraf" (right hand) {rF+ Dex+4 SInv}
   (You found it in the Dungeon)

   [ring of protection from fire]

   Dex:       It affects your dexterity (+4).
   rF:        It protects you from fire.
   SInv:      It lets you see invisible.
 I - a +6 ring of dexterity
 J - an amulet of regeneration
 P - the amulet of Wyzxelo {Faith Fragile rElec rPois}
   (You found it in the Dungeon)

   [amulet of faith]

   It allows you to gain divine favour quickly.
   rElec:     It insulates you from electricity.
   rPois:     It protects you from poison.
   Fragile:   It will be destroyed if unequipped.
 Q - the amulet "Jeolow" (around neck) {Reflect rC+ rN+ MP-9 SH+5}
   (You found it in the Dungeon)

   [amulet of reflection]

   It reflects blocked missile attacks.
   rC:        It protects you from cold.
   rN:        It protects you from negative energy.
   MP:        It affects your magic capacity (-9).
   SH:        It affects your SH (+5).
 R - the ring "Winuucet" {rPois rF- rC++ rN+ Slay+3}
   (You found it in the Dungeon)

   [ring of slaying]

   Slay:      It affects your accuracy & damage with ranged weapons and melee
   (+3).
   rF:        It makes you vulnerable to fire.
   rC:        It greatly protects you from cold.
   rPois:     It protects you from poison.
   rN:        It protects you from negative energy.
Wands
 p - a wand of mindburst (1)
 u - a wand of flame (10)
Scrolls
 a - 5 scrolls of fear
 h - 6 scrolls of blinking
 j - 2 scrolls of amnesia
 r - 8 scrolls of enchant weapon
 s - 3 scrolls of identify
 A - 2 scrolls of fog
Potions
 b - a potion of brilliance
 d - a potion of resistance
 e - 3 potions of curing
 g - 9 potions of magic
 i - a potion of invisibility
 v - 7 potions of heal wounds
 O - a potion of lignification


   Skills:
 O Level 27 Fighting
 O Level 27 Maces & Flails
 O Level 27 Throwing
 O Level 27 Armour
 O Level 27 Dodging
 - Level 5.0 Stealth
 O Level 27 Shields
 O Level 27 Invocations
 + Level 26.9 Evocations


You had 20 spell levels left.
You didn't know any spells.
Your spell library contained the following spells:

 Spells                   Type           Power      Damage    Failure   Level
 Freeze                   Ice            0%         1d3       85%         1
 Ensorcelled Hibernation  Hex/Ice        0%         N/A       94%         2
 Lee's Rapid Deconstruct  Erth           0%         3d4*      100%        5
 Iron Shot                Conj/Erth      0%         9d1       100%        6


Dungeon Overview and Level Annotations

Branches:
Dungeon (1/1)

Altars:
Cheibriados
Dithmenos
Elyvilon
Fedhas
Gozag
Hepliaklqana
Kikubaaqudgha
Makhleb
Nemelex Xobeh
Okawaru
Qazlal
Ru
Sif Muna
Trog
Uskayaw
Vehumet
Wu Jian
Xom
Yredelemnul
Zin
The Shining One
Jiyva
Lugonu

Shops:
D (=[:

Annotations:
D Royal Jelly


Innate Abilities, Weirdness & Mutations

You cannot be hasted, slowed, berserked, paralysed or teleported.
You can dig through walls and to a lower floor.
You have a pair of large antennae on your head. (SInv)
Your four strong arms can wield two-handed weapons with a shield.
You are very clumsy. (Dex -4)
Armour fits poorly on your strangely shaped body.
You are very dopey. (Int -4)
You are frail. (-10% HP)
You frequently scream uncontrollably at your foes.


Message History

The golden eye blinks at you.
You are confused.
The rockslime hits you but does no damage.
Unknown command.
You puncture the rockslime!
You kill the rockslime!
That felt strangely unrewarding.
The Royal Jelly closely misses you. The Royal Jelly completely misses you.
The golden eye blinks at you. You resist with some effort.
The Royal Jelly closely misses you. x2
Unknown command.
You sock the acid blob!
Your hands burn!
* * * LOW HITPOINT WARNING * * *
The acid blob is lightly wounded.
The acid blob hits you but does no damage.
The Royal Jelly barely misses you. The Royal Jelly completely misses you.
The golden eye blinks at you. You resist with almost no effort.
You impale the acid blob!!
Your hands burn!
* * * LOW HITPOINT WARNING * * *
The acid blob is heavily wounded.
The Royal Jelly hits you but does no damage.
The Royal Jelly closely misses you. The acid blob hits you!
* * * LOW HITPOINT WARNING * * *
You are splashed with acid.
You resist.
* * * LOW HITPOINT WARNING * * *
The golden eye blinks at you. You resist with some effort.
The Royal Jelly barely misses you.
The Royal Jelly hits you but does no damage.
Unknown command.
You bump into the unnaturally hard rock wall.
The acid blob hits you!!
* * * LOW HITPOINT WARNING * * *
You are splashed with acid.
You resist.
* * * LOW HITPOINT WARNING * * *
The golden eye blinks at you. You resist with some effort.
The Royal Jelly hits you but does no damage. x2
The acid blob hits you!
You die...

.▓.▓[▓.▓.▓.▓.▓.▓ {
.▓.▓.▓.▓.▓.▓.▓.▓.▓
{
.▓.▓.▓.▓.▓.▓'▓.▓(▓
{
(▓.▓.▓.▓[▓.▓.▓.▓.▓
.▓.▓.▓.▓)▓.▓.▓.▓J▓
{
)▓.▓.▓.▓.▓.▓.▓.▓J▓
{
[▓.▓.▓)▓[▓.▓.▓.▓G▓
{
[▓.▓.▓.▓)▓.▓.▓.▓J▓
{
)▓.▓!▓.▓)▓.▓.▓.▓@▓
{
)▓.▓.▓.▓'▓.▓.▓.▓J▓
{
[▓.▓.▓.▓.▓.▓)▓.▓'▓
{
(▓.▓.▓.▓.▓.▓.▓.▓.▓
{
)▓.▓.▓.▓.▓.▓[▓.▓.▓
{
[▓.▓.▓.▓.▓.▓[▓.▓.▓
.▓.▓.▓.▓.▓.▓.▓.▓.▓
{
)▓.▓.▓.▓.▓.▓.▓.▓)▓
{
)▓.▓[▓.▓)▓.▓.▓.▓[▓
{


You could see the Royal Jelly, an acid blob, 2 quicksilver oozes and a golden
eye.

Vanquished Creatures
  3 ancient liches (D)
  4 orbs of fire (D)
  Mara (D)
  Sojobo (D)
  Margery (D)
  Xtahua (D)
  Jory (D)
  6 golden dragons (D)
  3 electric golems (D)
  6 tentacled monstrosities (D)
  2 bone dragons (D)
  28 Orb Guardians (D)
  A walking earthen tome (D)
  2 liches (D)
  A quicksilver dragon (D)
  4 deep elf blademasters (D)
  A titan (D)
  2 death cobs (D)
  A deep elf master archer (D)
  5 acid blobs (D)
  5 tengu reavers (D)
  Kirke (D)
  A storm dragon (D)
  7 nagarajas (D)
  9 shadow dragons (D)
  6 azure jellies (D)
  A draconian knight (D)
  Ilsuiw (D)
  A vault warden (D)
  A draconian scorcher (D)
  3 rockslimes (D)
  2 frost giants (D)
  2 fire giants (D)
  3 draconian monks (D)
  A deep elf sorcerer (D)
  Aizul (D)
  6 emperor scorpions (D)
  2 ghost moths (D)
  Louise (D)
  3 draconian shifters (D)
  2 very ugly things (D)
  2 draconian stormcallers (D)
  An orc warlord (D)
  7 stone giants (D)
  A quicksilver ooze (D)
  An ironbound thunderhulk (D)
  A draconian annihilator (D)
  A spriggan defender (D)
  2 ironbound preservers (D)
  3 green draconians (D)
  3 deep elf demonologists (D)
  10 vampire knights (D)
  An eleionoma (D)
  7 black draconians (D)
  2 yellow draconians (D)
  2 bunyips (D)
  2 deep elf annihilators (D)
  A purple draconian (D)
  2 red draconians (D)
  A white draconian (D)
  A dire elephant (D)
  4 deep elf death magi (D)
  4 merfolk javelineers (D)
  A fire dragon (D)
  5 merfolk impalers (D)
  3 ettins (D)
  5 yaktaur captains (D)
  2 great orbs of eyes (D)
  A salamander tyrant (D)
  2 rakshasas (D)
  Erolcha (D)
  An ogre mage (D)
  Harold (D)
  25 vault guards (D)
  An ice dragon (D)
  11 hydras (D)
  A radroach (D)
  A spriggan air mage (D)
  2 death knights (D)
  A centaur warrior (D)
  Erica (D)
  2 anacondas (D)
  4 merfolk aquamancers (D)
  An alligator (D)
  A tengu warrior (D)
  A deep troll shaman (D)
  4 deep troll earth magi (D)
  4 naga warriors (D)
  A spriggan berserker (D)
  A vampire mage (D)
  4 hell knights (D)
  A shock serpent (D)
  Nergalle (D)
  A skyshark (shapeshifter) (D)
  A skyshark (D)
  A shadow wraith (D)
  2 goliath frogs (D)
  2 sea snakes (D)
  A glowing orange brain (D)
  A pharaoh ant (D)
  A spriggan druid (D)
  4 wizards (D)
  A swamp dragon (shapeshifter) (D)
  2 swamp dragons (D)
  A flayed ghost (D)
  A harpy (D)
  A deep elf pyromancer (D)
  3 wolf spiders (D)
  5 orc sorcerers (D)
  2 orc knights (D)
  A lindwurm (D)
  3 necromancers (D)
  4 ugly things (D)
  4 ironbound convokers (D)
  An oklob plant (D)
  6 moths of wrath (D)
  2 manticores (D)
  2 guardian serpents (D)
  3 black mambas (D)
  A guardian serpent (shapeshifter) (D)
  An elephant (shapeshifter) (D)
  2 naga magi (D)
  A vault sentinel (D)
  3 demonic crawlers (D)
  A torpor snail (D)
  4 cane toads (D)
  4 komodo dragons (D)
  A guardian mummy (D)
  4 merfolk (D)
  3 hornets (D)
  A troll (D)
  A tyrant leech (D)
  3 blink frogs (D)
  A snapping turtle (D)
  2 jumping spiders (D)
  A culicivora (D)
  13 spriggans (D)
  2 shadows (D)
  A slime creature (D)
  A yak (D)
  A hog (D)
  2 basilisks (D)
  A redback (D)
  4 humans (D)
  2 vampire mosquitoes (D)
  2 nagas (D)
  2 acid dragons (D)
  A floating eye (D)
  4 water moccasins (D)
  A floating eye (shapeshifter) (D)
  A swamp drake (D)
  10 orc warriors (D)
  A wolf (D)
  3 bullfrogs (D)
  A howler monkey (D)
  3 orc priests (D)
  12 orc wizards (D)
  An adder (D)
  2 shadow imps (D)
  2 dart slugs (D)
  7 orcs (D)
  A ball python (D)
  A goblin (D)
  A hobgoblin (D)
  A quokka (D)
  A bat (D)
457 creatures vanquished.

Vanquished Creatures (others)
  A rakshasa (D)
  A torpor snail (D)
2 creatures vanquished.

Grand Total: 459 creatures vanquished

Notes
Turn   | Place    | Note
-------+----------+-------------------------------------------
     0 | D        | fozzywoppz the Formicid Fighter began the quest for the
                  | Orb.
     0 | D        | Reached XP level 1. HP: 18/18 MP: 1/1
    15 | D        | Reached skill level 1 in Dodging
    16 | D        | Reached XP level 2. HP: 25/25 MP: 2/2
    34 | D        | Reached skill level 5 in Shields
    46 | D        | Reached XP level 3. HP: 24/31 MP: 3/3
    55 | D        | Found a snail-covered altar of Cheibriados.
    55 | D        | Found a shadowy altar of Dithmenos.
    55 | D        | Found a white marble altar of Elyvilon.
    55 | D        | Found a blossoming altar of Fedhas.
    55 | D        | Found an opulent altar of Gozag.
    56 | D        | Found a hazy altar of Hepliaklqana.
    57 | D        | Found a viscous altar of Jiyva.
    58 | D        | Found an ancient bone altar of Kikubaaqudgha.
    59 | D        | Found a corrupted altar of Lugonu.
    60 | D        | Found a burning altar of Makhleb.
    61 | D        | Found a sparkling altar of Nemelex Xobeh.
    62 | D        | Found an iron altar of Okawaru.
    63 | D        | Found a stormy altar of Qazlal.
    64 | D        | Found a sacrificial altar of Ru.
    65 | D        | Found a shimmering blue altar of Sif Muna.
    68 | D        | Found a bloodstained altar of Trog.
    69 | D        | Found a hide-covered altar of Uskayaw.
    70 | D        | Found a radiant altar of Vehumet.
    71 | D        | Found an ornate altar of the Wu Jian Council.
    72 | D        | Became a worshipper of Warmaster Okawaru
    73 | D        | Found a shimmering altar of Xom.
    74 | D        | Found a basalt altar of Yredelemnul.
    75 | D        | Found a glowing silver altar of Zin.
    76 | D        | Found a glowing golden altar of the Shining One.
   137 | D        | Noticed a shadow
   137 | D        | Noticed a troll
   137 | D        | Noticed a hornet
   137 | D        | Noticed an orc warrior
   137 | D        | Noticed an orc warrior
   140 | D        | Killed an orc warrior
   140 | D        | Reached * piety under Okawaru
   141 | D        | Reached XP level 4. HP: 37/40 MP: 4/4
   141 | D        | Reached XP level 5. HP: 42/46 MP: 5/5
   141 | D        | Killed an orc warrior
   142 | D        | Reached skill level 5 in Dodging
   142 | D        | Reached XP level 6. HP: 51/55 MP: 6/6
   152 | D        | Killed a hornet
   153 | D        | Reached XP level 7. HP: 22/63 MP: 4/7
   158 | D        | Killed a troll
   158 | D        | Reached ** piety under Okawaru
   161 | D        | Killed a shadow
   162 | D        | Reached skill level 10 in Fighting
   162 | D        | Reached XP level 8. HP: 45/72 MP: 5/8
   169 | D        | Noticed a deep elf pyromancer
   169 | D        | Noticed a basilisk
   169 | D        | Noticed a red ugly thing
   169 | D        | Noticed a shadow
   169 | D        | Noticed a komodo dragon
   172 | D        | Killed a komodo dragon
   179 | D        | Killed a red ugly thing
   179 | D        | Reached *** piety under Okawaru
   180 | D        | Reached XP level 9. HP: 55/78 MP: 7/9
   209 | D        | HP: 3/78 [deep elf pyromancer/bolt of fire (11)]
   217 | D        | Killed a deep elf pyromancer
   217 | D        | Reached **** piety under Okawaru
   218 | D        | Reached skill level 15 in Maces & Flails
   511 | D        | Noticed a blink frog
   511 | D        | Noticed a cane toad
   511 | D        | Noticed a black mamba
   514 | D        | Reached skill level 1 in Invocations
   516 | D        | Noticed a black mamba
   534 | D        | Killed a blink frog
   534 | D        | HP: 1/78 [black mamba (13)]
   536 | D        | Killed a black mamba
   537 | D        | Reached XP level 10. HP: 25/87 MP: 9/13
   540 | D        | Killed a cane toad
   540 | D        | Reached ***** piety under Okawaru
   541 | D        | Reached skill level 5 in Invocations
   564 | D        | Killed a black mamba
   661 | D        | Noticed a skyshark
   661 | D        | Noticed a komodo dragon
   661 | D        | Noticed an oklob plant
   661 | D        | Noticed a komodo dragon
   667 | D        | Killed a komodo dragon
   674 | D        | Noticed a komodo dragon
   678 | D        | Killed an oklob plant
   681 | D        | Killed a komodo dragon
   700 | D        | Killed a skyshark
   701 | D        | Reached skill level 10 in Armour
   701 | D        | Reached skill level 10 in Invocations
   701 | D        | Reached XP level 11. HP: 38/98 MP: 11/18
   954 | D        | Identified the +9 giant club "Vifafidu" {spect, rN+}
                  | (Okawaru gifted it to you in the Dungeon)
   954 | D        | Received a gift from Okawaru
  1088 | D        | Noticed an ettin
  1100 | D        | Killed an ettin
  1101 | D        | Reached skill level 15 in Fighting
  1135 | D        | Noticed an orc knight
  1140 | D        | Noticed an orc knight
  1148 | D        | Killed an orc knight
  1152 | D        | Reached skill level 10 in Shields
  1159 | D        | Killed an orc knight
  1159 | D        | Reached ****** piety under Okawaru
  1299 | D        | Found Soryin's Book Boutique.
  1299 | D        | Noticed an orc sorcerer
  1299 | D        | Noticed an orc sorcerer
  1300 | D        | Noticed an orc sorcerer
  1304 | D        | Noticed a soul eater
  1313 | D        | Killed an orc sorcerer
  1313 | D        | Identified the +5 ring mail "Bulim" {-Cast rF+++ Str+4
                  | Dex+2} (Okawaru gifted it to you in the Dungeon)
  1313 | D        | Received a gift from Okawaru
  1315 | D        | Killed an orc sorcerer
  1316 | D        | Reached XP level 12. HP: 100/111 MP: 21/21
  1316 | D        | Found Xycwiqoy's Armour Shop.
  1341 | D        | Found Faahoona's Jewellery Boutique.
  1348 | D        | Found Duotac's Antique Weapon Shop.
  1462 | D        | Noticed Erica
  1467 | D        | Killed Erica
  1731 | D        | Bought the +1 pair of gloves "Eppozautij" {Str+3 Int+3} for
                  | 320 gold pieces
  1735 | D        | Bought a twisted mace for 184 gold pieces
  1735 | D        | Identified the +7 mace of the Lurker {heavy, rN+} (You
                  | bought it in a shop in the Dungeon)
  1937 | D        | Noticed a centaur warrior
  1937 | D        | Noticed a death knight
  1937 | D        | Noticed an eight-headed hydra
  1937 | D        | Noticed a tengu warrior
  1946 | D        | Killed a tengu warrior
  1947 | D        | Reached skill level 1 in Throwing
  1947 | D        | Noticed a death knight
  1953 | D        | Killed an eight-headed hydra
  1954 | D        | Noticed a stone giant
  1958 | D        | Killed a death knight
  1960 | D        | Killed a centaur warrior
  1961 | D        | Noticed a vampire mage
  1964 | D        | Noticed a tengu reaver
  1968 | D        | Noticed a stone giant
  1970 | D        | Killed a stone giant
  1970 | D        | Identified the +0 tower shield "Gebar" {rN+ Str+2 Dex+3}
                  | (Okawaru gifted it to you in the Dungeon)
  1970 | D        | Received a gift from Okawaru
  1971 | D        | Reached skill level 5 in Throwing
  1976 | D        | Killed a death knight
  1984 | D        | Noticed a deep troll earth mage
  1988 | D        | Killed a tengu reaver
  1989 | D        | Reached skill level 15 in Armour
  1993 | D        | Killed a stone giant
  1994 | D        | Reached XP level 13. HP: 48/122 MP: 18/22
  2284 | D        | Noticed Erolcha
  2291 | D        | Killed Erolcha
  2359 | D        | Noticed a radroach
  2364 | D        | Killed a radroach
  2517 | D        | Noticed an anaconda
  2518 | D        | Noticed an anaconda
  2521 | D        | Noticed a salamander tyrant
  2531 | D        | Reached skill level 10 in Throwing
  2540 | D        | Killed an anaconda
  2555 | D        | Killed an anaconda
  2559 | D        | Killed a salamander tyrant
  2765 | D        | Reached skill level 1 in Evocations
  2768 | D        | Received a gift from Okawaru
  2769 | D        | Noticed a merfolk impaler
  2786 | D        | Killed a merfolk impaler
  2787 | D        | Reached XP level 14. HP: 62/136 MP: 17/23
  2962 | D        | Noticed a bunyip
  2967 | D        | Noticed an eleionoma
  2973 | D        | Identified the +5 giant spiked club "Zoelilod" {speed,
                  | *Slow rF+ Will+ Dex+3} (Okawaru gifted it to you in the
                  | Dungeon)
  2973 | D        | Received a gift from Okawaru
  2990 | D        | Reached skill level 5 in Evocations
  2995 | D        | Killed a bunyip
  3006 | D        | Killed an eleionoma
  3281 | D        | Noticed Harold
  3289 | D        | Killed Harold
  3290 | D        | Reached skill level 10 in Dodging
  3328 | D        | Noticed Kirke
  3337 | D        | Killed Kirke
  3401 | D        | Noticed a stone giant
  3401 | D        | Noticed a frost giant
  3401 | D        | Noticed a brown very ugly thing
  3409 | D        | Killed a brown very ugly thing
  3414 | D        | Killed a frost giant
  3414 | D        | Received a gift from Okawaru
  3422 | D        | Noticed a stone giant
  3426 | D        | Killed a stone giant
  3428 | D        | Noticed a stone giant
  3443 | D        | Killed a stone giant
  3443 | D        | Identified the +4 giant spiked club of Certain Death
                  | {freeze, Str+3} (Okawaru gifted it to you in the Dungeon)
  3443 | D        | Received a gift from Okawaru
  3446 | D        | Killed a stone giant
  3465 | D        | Noticed a spriggan defender
  3469 | D        | Killed a spriggan defender
  3482 | D        | HP: 7/140 [elephant[a spriggan berserker] (17)]
  3489 | D        | Received a gift from Okawaru
  3818 | D        | Noticed an ironbound thunderhulk
  3818 | D        | Noticed a dire elephant
  3819 | D        | Noticed an ironbound preserver
  3825 | D        | Killed an ironbound thunderhulk
  3828 | D        | Killed a dire elephant
  3829 | D        | Reached XP level 15. HP: 144/148 MP: 16/24
  3832 | D        | Received a gift from Okawaru
  3833 | D        | Noticed a vault warden
  3840 | D        | Killed an ironbound preserver
  3841 | D        | Noticed an orc warlord
  3853 | D        | Killed a vault warden
  3861 | D        | Killed an orc warlord
  3876 | D        | Reached skill level 15 in Throwing
  3910 | D        | Identified the +4 scale mail of Relativism {rElec Str+2}
                  | (Okawaru gifted it to you in the Dungeon)
  3910 | D        | Received a gift from Okawaru
  4159 | D        | Noticed Nergalle
  4169 | D        | Killed Nergalle
  4396 | D        | Noticed Mara
  4406 | D        | Killed Mara
  4432 | D        | Noticed Aizul
  4446 | D        | Killed Aizul
  4568 | D        | Noticed an emperor scorpion
  4568 | D        | Noticed an emperor scorpion
  4568 | D        | Noticed an emperor scorpion
  4568 | D        | Noticed a ghost moth
  4568 | D        | Noticed an emperor scorpion
  4573 | D        | Killed an emperor scorpion
  4574 | D        | Noticed a ghost moth
  4581 | D        | Killed a ghost moth
  4582 | D        | Noticed an emperor scorpion
  4589 | D        | Killed an emperor scorpion
  4603 | D        | Killed an emperor scorpion
  4611 | D        | Killed an emperor scorpion
  4613 | D        | Noticed an emperor scorpion
  4616 | D        | Killed a ghost moth
  4629 | D        | Killed an emperor scorpion
  4638 | D        | Killed an emperor scorpion
  4642 | D        | Got a gossamer rune of Zot
  4763 | D        | Reached XP level 16. HP: 162/162 MP: 17/25
  4847 | D        | Received a gift from Okawaru
  4862 | D        | Got a decaying rune of Zot
  4915 | D        | Noticed Ilsuiw
  4923 | D        | Killed Ilsuiw
  4951 | D        | Got a barnacled rune of Zot
  4988 | D        | Noticed a nagaraja
  4988 | D        | Noticed a nagaraja
  4988 | D        | Noticed a nagaraja
  4988 | D        | Noticed a nagaraja
  4990 | D        | Noticed a nagaraja
  4991 | D        | Killed a nagaraja
  4991 | D        | Killed a nagaraja
  4993 | D        | Killed a nagaraja
  4993 | D        | Killed a nagaraja
  4993 | D        | Received a gift from Okawaru
  4994 | D        | Reached skill level 27 in Fighting
  4994 | D        | Noticed a nagaraja
  4998 | D        | Killed a nagaraja
  5000 | D        | Killed a nagaraja
  5006 | D        | Noticed a nagaraja
  5007 | D        | Received a gift from Okawaru
  5010 | D        | Killed a nagaraja
  5012 | D        | Received a gift from Okawaru
  5017 | D        | Got a serpentine rune of Zot
  5070 | D        | Noticed Jory
  5084 | D        | Killed Jory
  5117 | D        | Noticed Louise
  5131 | D        | Killed Louise
  5140 | D        | Noticed Margery
  5153 | D        | Killed Margery
  5214 | D        | Reached XP level 17. HP: 169/174 MP: 26/26
  5216 | D        | Identified the +5 crystal plate armour of Indomitability
                  | {Rampage Int+2} (Okawaru gifted it to you in the Dungeon)
  5216 | D        | Received a gift from Okawaru
  5277 | D        | Reached skill level 27 in Throwing
  5358 | D        | Noticed a shadow dragon
  5358 | D        | Noticed a tengu reaver
  5365 | D        | Killed a shadow dragon
  5368 | D        | Killed a tengu reaver
  5374 | D        | Reached skill level 15 in Dodging
  5374 | D        | Noticed a shadow dragon
  5376 | D        | Noticed a shadow dragon
  5378 | D        | Noticed a tengu reaver
  5383 | D        | Killed a shadow dragon
  5385 | D        | Identified the +6 hand axe of Ureveemee {venom, +Blink rC+
                  | Will-}
  5391 | D        | Killed a shadow dragon
  5392 | D        | Reached skill level 15 in Shields
  5392 | D        | Killed a tengu reaver
  5484 | D        | Noticed a shadow dragon
  5484 | D        | Noticed a titan
  5484 | D        | Noticed a shadow dragon
  5486 | D        | Noticed a golden dragon
  5488 | D        | Identified the -2 pair of gloves of the Other Side {Int+2}
                  | (Okawaru gifted it to you in the Dungeon)
  5488 | D        | Received a gift from Okawaru
  5493 | D        | Killed a titan
  5495 | D        | Killed a golden dragon
  5497 | D        | Noticed an ancient lich
  5500 | D        | Killed a shadow dragon
  5501 | D        | Killed a shadow dragon
  5501 | D        | Noticed a shadow dragon
  5505 | D        | Killed an ancient lich
  5508 | D        | Killed a shadow dragon
  5509 | D        | Reached XP level 18. HP: 52/182 MP: 27/27
  5510 | D        | Identified the +3 long sword "Pobak" {speed, rPois}
  5512 | D        | Got a silver rune of Zot
  5516 | D        | Got Sif Muna's Directory of Underground Congelation
  5700 | D        | Got the ring "Eleemara" {Will+ Str-2 Dex+2 Stlth+}
  5702 | D        | Got the ring "Tifraf" {rF+ Dex+4 SInv}
  5704 | D        | Got the amulet of Wyzxelo {Faith Fragile rElec rPois}
  5706 | D        | Got the amulet "Jeolow" {Reflect rC+ rN+ MP-9 SH+5}
  5708 | D        | Got the ring "Winuucet" {rPois rF- rC++ rN+ Slay+3}
  5840 | D        | Got the +5 demon whip of the Growing Goat {vamp, Fragile
                  | rElec rCorr Dex-3}
  5924 | D        | Noticed Sojobo
  5948 | D        | Killed Sojobo
  5964 | D        | Noticed Xtahua
  5970 | D        | Killed Xtahua
  6009 | D        | Noticed a golden dragon
  6012 | D        | Killed a golden dragon
  6013 | D        | Reached skill level 5 in Stealth
  6013 | D        | Noticed a walking earthen tome
  6025 | D        | Killed a walking earthen tome
  6057 | D        | Noticed a bone dragon
  6057 | D        | Noticed a bone dragon
  6057 | D        | Noticed a golden dragon
  6062 | D        | Killed a golden dragon
  6068 | D        | Killed a bone dragon
  6068 | D        | Identified the +3 eveningstar "Goblinslayer" {heavy, Str+3
                  | Int+5 Dex-4} (Okawaru gifted it to you in the Dungeon)
  6068 | D        | Received a gift from Okawaru
  6070 | D        | Killed a bone dragon
  6130 | D        | Noticed a death cob
  6144 | D        | Killed a death cob
  6157 | D        | Reached skill level 27 in Armour
  6180 | D        | Noticed a tentacled monstrosity
  6180 | D        | Noticed a tentacled monstrosity
  6187 | D        | Killed a tentacled monstrosity
  6201 | D        | Identified the scarf of Dyveunik {harm, Stlth+} (Okawaru
                  | gifted it to you in the Dungeon)
  6201 | D        | Received a gift from Okawaru
  6208 | D        | Killed a tentacled monstrosity
  6272 | D        | Noticed a tentacled monstrosity
  6279 | D        | Noticed a tentacled monstrosity
  6287 | D        | Killed a tentacled monstrosity
  6294 | D        | Killed a tentacled monstrosity
  6295 | D        | Reached XP level 19. HP: 180/189 MP: 28/28
  6379 | D        | Noticed a golden dragon
  6383 | D        | Killed a golden dragon
  6386 | D        | Noticed a golden dragon
  6392 | D        | Killed a golden dragon
  6503 | D        | Noticed an Orb Guardian
  6503 | D        | Noticed an Orb Guardian
  6503 | D        | Noticed an Orb Guardian
  6503 | D        | Noticed an Orb Guardian
  6503 | D        | Noticed an Orb Guardian
  6503 | D        | Noticed an Orb Guardian
  6506 | D        | Noticed an Orb Guardian
  6508 | D        | Killed an Orb Guardian
  6508 | D        | Killed an Orb Guardian
  6508 | D        | Killed an Orb Guardian
  6510 | D        | Killed an Orb Guardian
  6510 | D        | Noticed an Orb Guardian
  6511 | D        | Noticed an Orb Guardian
  6517 | D        | Killed an Orb Guardian
  6520 | D        | Killed an Orb Guardian
  6522 | D        | Noticed an Orb Guardian
  6523 | D        | Killed an Orb Guardian
  6527 | D        | Killed an Orb Guardian
  6527 | D        | Received a gift from Okawaru
  6532 | D        | Killed an Orb Guardian
  6534 | D        | Killed an Orb Guardian
  6547 | D        | Noticed a tentacled monstrosity
  6547 | D        | Noticed an Orb Guardian
  6547 | D        | Noticed an Orb Guardian
  6549 | D        | Received a gift from Okawaru
  6549 | D        | Found the +3 pair of gauntlets of War {Slay+5}
  6549 | D        | Noticed an Orb Guardian
  6550 | D        | Reached skill level 27 in Shields
  6550 | D        | Killed an Orb Guardian
  6551 | D        | Killed an Orb Guardian
  6552 | D        | Noticed an Orb Guardian
  6557 | D        | Killed a tentacled monstrosity
  6558 | D        | Killed an Orb Guardian
  6564 | D        | Killed an Orb Guardian
  6565 | D        | Reached skill level 27 in Dodging
  6613 | D        | Noticed an ancient lich
  6617 | D        | Killed an ancient lich
  6620 | D        | Noticed an orb of fire
  6620 | D        | Gained mutation: Armour fits poorly on your strangely
                  | shaped body. [an orb of fire]
  6624 | D        | Gained mutation: You occasionally shout uncontrollably at
                  | your foes. [an orb of fire]
  6628 | D        | Gained mutation: You frequently scream uncontrollably at
                  | your foes. [an orb of fire]
  6631 | D        | Killed an orb of fire
  6633 | D        | Noticed an electric golem
  6635 | D        | Killed an electric golem
  6640 | D        | Noticed a tentacled monstrosity
  6640 | D        | Noticed an Orb Guardian
  6640 | D        | Noticed an Orb Guardian
  6640 | D        | Noticed an electric golem
  6641 | D        | Noticed an orb of fire
  6642 | D        | Killed an Orb Guardian
  6643 | D        | Reached skill level 15 in Invocations
  6643 | D        | Reached skill level 10 in Evocations
  6644 | D        | Killed an electric golem
  6644 | D        | Killed a tentacled monstrosity
  6645 | D        | Killed an orb of fire
  6645 | D        | Killed an Orb Guardian
  6646 | D        | Noticed an orb of fire
  6649 | D        | Gained mutation: You are clumsy. (Dex -2) [an orb of fire]
  6650 | D        | Gained mutation: You are frail. (-10% HP) [an orb of fire]
  6652 | D        | Noticed a golden dragon
  6653 | D        | Noticed an orb of fire
  6653 | D        | Gained mutation: You are dopey. (Int -2) [an orb of fire]
  6653 | D        | Gained mutation: You are very dopey. (Int -4) [an orb of
                  | fire]
  6655 | D        | Killed an orb of fire
  6655 | D        | Noticed an ancient lich
  6656 | D        | Reached XP level 20. HP: 145/177 MP: 23/32
  6660 | D        | Noticed an electric golem
  6663 | D        | Gained mutation: You are very clumsy. (Dex -4) [an orb of
                  | fire]
  6671 | D        | Killed an orb of fire
  6675 | D        | Killed an ancient lich
  6680 | D        | Reached skill level 15 in Evocations
  6683 | D        | Killed a golden dragon
  6683 | D        | Received a gift from Okawaru
  6693 | D        | Killed an electric golem
  6985 | D        | Reached skill level 27 in Maces & Flails
  7439 | D        | Received a gift from Okawaru
  7466 | D        | Reached skill level 27 in Invocations
  7472 | D        | Identified the +0 plate armour "Cugew" {Rampage rPois Str-2
                  | Int+3} (Okawaru gifted it to you in the Dungeon)
  7472 | D        | Received a gift from Okawaru
  7481 | D        | Got an elven rune of Zot
  7508 | D        | Reached XP level 21. HP: 183/183 MP: 29/38
  7509 | D        | Noticed the Royal Jelly
  7553 | D        | HP: 9/183 [acid blob[the Royal Jelly] (18)]
  7553 | D        | Slain by an acid blob

Illustrated notes

Levels and vault maps discovered:
D:        linesprint [early_d, line_temple, items_1, d_10, items_2, lair_1,
          lair_end, items_3, orc_1, orc_end, items_4, d_15, swamp_1, shoals_1,
          snake_1, spider_1, d_20, vaults_1, items_5, swamp_end, shoals_end,
          snake_end, spider_end, vaults_end, d_27, items_6, zot_1, zot_end,
          crypt_end, forest_end, elf_end, slime_end, tomb_end, abyss_end,
          pan_hell_end]

Skill      XL: |  1  2  3  4  5  6  7  8  9 10 11 12 13 14 15 16 17 18 19 20 21 |
---------------+----------------------------------------------------------------+-----
Dodging        | 1 2 3 5 6 8 12 14 16 23 27 | 27.0
Fighting       | 4 6 7 8 10 11 13 15 17 20 22 25 27 | 27.0
Armour         | 4 6 7 8 10 13 15 18 20 21 23 27 | 27.0
Maces & Flails | 3 4 6 7 9 13 16 18 21 22 23 24 25 27 | 27.0
Shields        | 5 6 11 12 17 21 27 | 27.0
Invocations    | 4 10 12 17 27 | 27.0
Throwing       | 6 10 14 17 24 27 | 27.0
Evocations     | 4 5 13 24 26 | 26.9
Stealth        | 5 |  5.0

Action                     |  1- 3 |  4- 6 |  7- 9 | 10-12 | 13-15 | 16-18 | 19-21 || total
---------------------------+-------+-------+-------+-------+-------+-------+-------++-------
  Melee: Flail             |    38 |       |       |       |       |       |       ||    38
         Morningstar       |       |     8 |    51 |    96 |       |       |       ||   155
         Giant club        |       |       |       |   153 |   223 |       |       ||   376
         Giant spiked club |       |       |       |       |   173 |   233 |       ||   406
         Eveningstar       |       |       |       |       |       |    81 |   244 ||   325
  Throw: Javelin           |       |       |       |       |    18 |    77 |    48 ||   143
         Throwing net      |       |       |       |       |     2 |       |       ||     2
 Invoke: Heroism           |       |     1 |       |     3 |     7 |     3 |     5 ||    19
         Finesse           |       |       |       |     3 |     8 |     4 |     4 ||    19
Ability: Dig               |       |       |       |       |       |       |     1 ||     1
  Evoke: Wand              |     3 |     1 |     1 |     6 |     2 |     4 |       ||    17
    Use: Potion            |       |     1 |     8 |     2 |     5 |     2 |     4 ||    22
         Scroll            |       |       |       |       |       |    13 |       ||    13
   Stab: Held in net/web   |       |       |       |       |     3 |       |       ||     3
 Armour: Scale mail        |    21 |       |       |       |    21 |    39 |       ||    81
         Chain mail        |       |     1 |    25 |    57 |    59 |       |       ||   142
         Ring mail         |       |       |       |     9 |     8 |       |       ||    17
         Crystal plate arm |       |       |       |       |       |    16 |       ||    16
         Gold dragon scale |       |       |       |       |       |    65 |    85 ||   150
  Dodge: Dodged            |    13 |     9 |    32 |    87 |   162 |   162 |    90 ||   555
  Block: Buckler           |    11 |     1 |    16 |    16 |       |       |       ||    44
         Tower shield      |       |       |       |       |       |    33 |   216 ||   249
         Reflection        |       |       |       |       |       |       |     2 ||     2

Table legend: (Time is in decaauts)
 A = Elapsed time spent in this place.
 B = Non-inter-level travel time spent in this place.
 C = Inter-level travel time spent in this place.
 D = Time resting spent in this place.
 E = Time spent auto-exploring this place.
 F = Levels seen in this place.
 G = Mean time per level.
                   A        B        C        D        E       F      G
               +--------+--------+--------+--------+--------+-----+--------+
         Total |   6921 |   6829 |     92 |   2560 |    334 |   1 | 6921.0 |
       Dungeon |   6921 |   6829 |     92 |   2560 |    334 |   1 | 6921.0 |
               +--------+--------+--------+--------+--------+-----+--------+

Top non-repeatable levels by time:
       D: 6921 daAuts
